 Dungeon Crawl Stone Soup version 0.26.1-11-gd32895ea62 (webtiles) character file.

Game seed: 18044607137367688424

716 nothank2 the Scholar of Death (level 7, -11/46 HPs)
             Began as a Vampire Necromancer on July 15, 2021.
             Was a Follower of Kikubaaqudgha.
             Mangled by an ogre
             ... wielding a +0 giant club
              (13 damage)
             ... on level 5 of the Dungeon.
             The game lasted 00:14:16 (4773 turns).

nothank2 the Scholar of Death (Vampire Necromancer) Turns: 4773, Time: 00:14:16

Health: -11/46     AC:  8    Str:  7      XL:     7   Next: 41%
Magic:  2/14       EV: 12    Int: 19      God:    Kikubaaqudgha [*.....]
Gold:   33         SH:  0    Dex:  8 (15) Spells: 3/15 levels left

rFire    . . .     SeeInvis +   r - +3 short sword (venom)
rCold    . . .     Faith    .   (no shield)
rNeg     . . .     Spirit   .   a - +0 robe
rPois    .         Reflect  .   t - +2 hat
rElec    .         Harm     .   (no cloak)
rCorr    .         Rampage  .   (no gloves)
Will     .....                  (no boots)
Stlth    +++.......             s - amulet of regeneration
HPRegen  0.75/turn              w - ring of stealth
MPRegen  0.14/turn              A - +4 ring of protection

@: regenerating quickly
A: fangs 3, see invisible, unbreathing
a: Exsanguinate, Renounce Religion, Receive Corpses


You were on level 5 of the Dungeon.
You worshipped Kikubaaqudgha.
Kikubaaqudgha was aware of your devotion.
You visited 2 branches of the dungeon, and saw 6 of its levels.

You collected 249 gold pieces.
You spent 216 gold pieces at shops.

Inventory:

Hand Weapons
 c - a +0 dagger
 d - a +0 dagger of venom
 e - a +0 short sword of speed
 l - a +1 vampiric dagger
 r - a +3 short sword of venom (weapon)
Armour
 a - a +0 robe (worn)
 t - a +2 hat (worn)
Jewellery
 s - an amulet of regeneration (around neck)
 w - a ring of stealth (left hand)
 A - a +4 ring of protection (right hand)
Wands
 o - a wand of flame (6)
 u - a wand of random effects (23)
Scrolls
 b - 3 scrolls of teleportation
 f - a scroll of immolation
 j - a scroll of amnesia {unknown}
 k - a scroll of identify
 n - a scroll of remove curse
Potions
 g - a potion of haste
 h - 2 potions of ambrosia
 i - a potion of brilliance {unknown}
 m - 3 potions of might
 p - 2 potions of degeneration
 v - a potion of attraction {unknown}
 x - 2 potions of curing
 C - a potion of heal wounds
 D - a potion of resistance


   Skills:
 - Level 2.1 Dodging
 - Level 3.0 Stealth
 + Level 4.7 Spellcasting
 * Level 8.6 Necromancy


You had 3 spell levels left.
You knew the following spells:

 Your Spells              Type           Power        Failure   Level
a - Pain                  Necr           100%         1%          1
b - Animate Dead          Necr           18%          3%          4
c - Agony                 Necr           37%          11%         5
d - Sublimation of Blood  Necr           18%          1%          2

Your spell library contained the following spells:

 Spells                   Type           Power        Failure   Level
 Animate Skeleton         Necr           74%          1%          1
 Vampiric Draining        Necr           18%          1%          3


Dungeon Overview and Level Annotations

Branches:
Dungeon (5/15)             Temple (1/1) D:4

Altars:
Ashenzari
Cheibriados
Dithmenos
Elyvilon
Fedhas
Gozag
Hepliaklqana
Kikubaaqudgha
Makhleb
Nemelex Xobeh
Okawaru
Qazlal
Ru
Sif Muna
Trog
Vehumet
Wu Jian
Xom
Yredelemnul
Zin
The Shining One

Shops:
D:4 !

Annotations:
D:2 1 runed translucent door, Crazy Yiuf


Innate Abilities, Weirdness & Mutations

Your natural rate of healing is unusually fast.
You have razor-sharp teeth.
You have supernaturally acute eyesight. (SInv)
You can survive without breathing.


Message History

You kill the adder!
Kikubaaqudgha accepts your kill.
The orc wizard writhes in agony.
The orc wizard hits you with a +0 dagger.
The orc wizard writhes in agony.
The orc wizard hits you but does no damage.
The orc wizard writhes in agony.
You kill the orc wizard!
Kikubaaqudgha accepts your kill.
The ogre writhes in agony.
The ogre barely misses you.
The ogre writhes in agony.
The ogre barely misses you.
The ogre writhes in agony!
The ogre barely resists.
The ogre hits you with a +0 giant club!
The ogre writhes in agony.
The ogre hits you with a +0 giant club!!
Ouch! That really hurt!
* * * LOW HITPOINT WARNING * * *
The ogre hits you with a +0 giant club!
You die...
Kikubaaqudgha rasps: "You have failed me!
Welcome... death!"

########## #########
#S...Sl..#
........###.######.#
######...##o# #.#
#....@#.# #o#
##....O.# #S#
##.##### #.# #.#
#######l# #.#
#.....oO## #+#
#.####...# #.....#
#.##.#...#
#..)...###


You could see an ogre.

Vanquished Creatures
  An ogre (D:4)
  A howler monkey (D:4)
  A bullfrog zombie (D:5)
  A quasit (D:4)
  5 orc priests
  4 orc wizards
  A worker ant (D:4)
  Terence (D:3)
  9 adders
  2 oozes
  An adder skeleton (D:4)
  2 worms
  2 dart slugs
  A leopard gecko (D:4)
  19 orcs
  8 giant cockroaches
  5 hobgoblins
  13 jackals
  11 kobolds
  2 quokkas (D:4)
  A ball python (D:1)
  A ball python skeleton (D:4)
  3 bats
  5 frilled lizards
  12 goblins
  8 rats
120 creatures vanquished.

Vanquished Creatures (others)
  27 plants (D:2)
27 creatures vanquished.

Grand Total: 147 creatures vanquished

Notes
Turn   | Place    | Note
-------+----------+-------------------------------------------
     0 | D:1      | nothank2 the Vampire Necromancer began the quest for the
                  | Orb.
     0 | D:1      | Reached XP level 1. HP: 13/13 MP: 3/3
   239 | D:1      | Reached XP level 2. HP: 18/19 MP: 3/5
   481 | D:1      | Reached skill level 5 in Necromancy
   892 | D:1      | Reached XP level 3. HP: 20/24 MP: 0/6
  1542 | D:2      | Reached XP level 4. HP: 29/30 MP: 6/8
  1868 | D:2      | Found a runed translucent door.
  1869 | D:2      | Noticed Crazy Yiuf
  2121 | D:3      | Reached skill level 6 in Necromancy
  2197 | D:3      | Reached XP level 5. HP: 34/35 MP: 4/9
  2835 | D:3      | Noticed Terence
  2838 | D:3      | Killed Terence
  3268 | D:4      | Noticed an ogre
  3279 | D:4      | Reached skill level 7 in Necromancy
  3281 | D:4      | Reached XP level 6. HP: 20/41 MP: 1/11
  3496 | D:4      | Learned a level 4 spell: Animate Dead
  3502 | D:4      | Learned a level 5 spell: Agony
  3610 | D:4      | Found a staircase to the Ecumenical Temple.
  3623 | Temple   | Entered the Ecumenical Temple
  3679 | Temple   | Became a worshipper of Kikubaaqudgha
  3863 | D:4      | Reached skill level 8 in Necromancy
  3900 | D:4      | Reached XP level 7. HP: 46/46 MP: 10/13
  4418 | D:4      | Found Zicyivyo's Distillery.
  4421 | D:4      | Bought a potion of heal wounds for 60 gold pieces
  4421 | D:4      | Bought a potion of resistance for 120 gold pieces
  4421 | D:4      | Bought a potion of curing for 36 gold pieces
  4493 | D:4      | Reached * piety under Kikubaaqudgha
  4493 | D:4      | Identified Kikubaaqudgha's Incunabulum of Sinister Rites
                  | (Kikubaaqudgha gifted it to you on level 4 of the Dungeon)
  4493 | D:4      | Received a gift from Kikubaaqudgha
  4517 | D:4      | Learned a level 2 spell: Sublimation of Blood
  4628 | D:5      | Entered Level 5 of the Dungeon
  4772 | D:5      | HP: 1/46 [ogre/+0 giant club (24)]
  4773 | D:5      | Mangled by an ogre

Illustrated notes

Levels and vault maps discovered:
D:1:      scummos_arrival_checkerplants, layout_loops_ring, serial_rivers,
          chequers_serial_rivers_micro_a, chequers_serial_rivers_room_b,
          chequers_serial_rivers_micro_b, chequers_serial_rivers_micro_c,
          chequers_serial_rivers_marsh, st_stairs_10
D:2:      layout_rooms, corexii_item_surrounded_by_moat, serial_bayou_lake_a,
          uniq_crazy_yiuf_cottage
D:3:      layout_loops_ring, amcnicky_mini_corridor_feature, uniq_terence
D:4:      layout_basic, minmay_temple_entry_junction, serial_shops,
          kennysheep_mini
D:5:      layout_loops_corners, minivault_25, uniq_pikel
Temple:   kilobyte_greek_temple

Skill      XL: |  1  2  3  4  5  6 |
---------------+-------------------+-----
Necromancy     | 5 6 7 8 |  8.6
Spellcasting   | 3 4 |  4.7
Dodging        | |  2.1
Stealth        | |  3.0

Action                   |  1- 3 |  4- 6 |  7- 9 || total
-------------------------+-------+-------+-------++-------
Melee: Short sword       |    15 |    16 |    81 ||   112
       Bite              |       |       |    10 ||    10
 Cast: Pain              |    67 |   121 |    51 ||   239
  Use: Scroll            |       |       |    13 ||    13
 Stab: Sleeping          |       |       |     1 ||     1
Armor: Robe              |       |     5 |    84 ||    89
Dodge: Dodged            |    15 |    27 |   126 ||   168
